General information
- name: BNet
- type: Ladder team game (AT/RT)
- host: Battle.net
- saver: WHATTHEFU.CK
map: TwilightRuins
- players: 8
- length: 46:10
- speed: Fast
- version: 1.27 W3XP
- replay type: Public
» download(221 KB)
Players
team 1 (winner)
URMOMISMYBlTCH (
blue | 46 APM | 2136 actions | 46:06)
8 Blademaster
3 Wind Walk
3 Critical Strike
1 Bladestorm
1 Mirror Image
» actions
| Assign group hotkey | 68 | |
| Basic commands | 176 | |
| Build / train | 95 | |
| Enter build submenu | 72 | |
| Enter hero's abilities submenu | 8 | |
| Give item / drop item | 14 | |
| Remove unit from queue | 2 | |
| Right click | 855 | |
| Select / deselect | 415 | |
| Select group hotkey | 238 | |
| Use ability | 192 | |
2136 total
» units
| Peon | 20 | |
| Grunt | 7 | |
| Goblin Shredder | 6 | |
| Wind Rider | 6 | |
| Goblin Sapper | 9 | |
| Goblin Zeppelin | 4 | |
| Troll Batrider | 2 | |
54 total
» upgrades
| Armor | 4 | |
| Ranged Weapons | 3 | |
| Envenomed Spears | 1 | |
| Reinforced Defenses | 1 | |
| Spiked Barricades | 1 | |
10 total
» buildings
| Orc Burrow | 5 | |
| Altar of Storms | 1 | |
| Barracks | 1 | |
| Voodoo Lounge | 2 | |
| Stronghold | 2 | |
| Great Hall | 3 | |
| War Mill | 2 | |
| Beastiary | 4 | |
| Watch Tower | 73 | |
| Fortress | 1 | |
94 total
» build order
00:10 Orc Burrow
00:51 Altar of Storms
00:52 Barracks
01:05 Orc Burrow
02:04 Orc Burrow
02:17 Voodoo Lounge
03:30 Stronghold
04:25 Great Hall
05:09 War Mill
06:13 Beastiary
06:13 Beastiary
06:24 Watch Tower
06:24 Watch Tower
06:25 Watch Tower
06:25 Watch Tower
06:55 Orc Burrow
07:25 Orc Burrow
07:30 Fortress
09:46 War Mill
10:21 Beastiary
10:22 Beastiary
15:04 Watch Tower
15:06 Watch Tower
15:06 Watch Tower
15:07 Watch Tower
15:08 Watch Tower
15:12 Watch Tower
15:13 Watch Tower
15:13 Watch Tower
15:14 Watch Tower
15:16 Watch Tower
15:21 Watch Tower
15:21 Watch Tower
15:22 Watch Tower
15:23 Watch Tower
15:23 Watch Tower
15:24 Watch Tower
15:25 Watch Tower
15:26 Watch Tower
15:26 Watch Tower
15:26 Watch Tower
15:27 Watch Tower
15:42 Watch Tower
15:42 Watch Tower
15:43 Watch Tower
15:44 Watch Tower
20:49 Great Hall
20:54 Watch Tower
20:54 Watch Tower
20:54 Watch Tower
20:55 Watch Tower
20:58 Watch Tower
20:58 Watch Tower
20:59 Watch Tower
21:00 Watch Tower
21:01 Watch Tower
21:02 Watch Tower
25:09 Watch Tower
25:10 Watch Tower
25:12 Watch Tower
25:13 Watch Tower
25:16 Watch Tower
26:40 Watch Tower
26:42 Watch Tower
26:43 Watch Tower
26:45 Watch Tower
26:47 Watch Tower
26:48 Watch Tower
28:45 Watch Tower
28:46 Watch Tower
28:46 Watch Tower
28:47 Watch Tower
28:47 Watch Tower
28:49 Watch Tower
28:49 Watch Tower
28:50 Watch Tower
28:51 Watch Tower
28:53 Watch Tower
32:26 Great Hall
32:29 Watch Tower
32:30 Watch Tower
32:30 Watch Tower
32:31 Watch Tower
32:33 Watch Tower
32:34 Watch Tower
32:34 Watch Tower
32:36 Watch Tower
32:37 Watch Tower
32:37 Watch Tower
32:38 Watch Tower
32:39 Watch Tower
32:40 Voodoo Lounge
39:55 Stronghold
» items
| Healing Salve | 6 | |
| Gloves of Haste | 1 | |
| Orb of Lightning | 1 | |
| Staff of Teleportation | 3 | |
| Tiny Great Hall | 3 | |
| Potion of Healing | 1 | |
| Potion of Mana | 1 | |
| Lesser Clarity Potion | 1 | |
17 total
FUNNNNN (
green | 51 APM | 1611 actions | 31:47)
6 Demon Hunter
1 Immolation
3 Mana Burn
1 Evasion
1 Metamorphosis
» actions
| Basic commands | 6 | |
| Build / train | 107 | |
| Enter build submenu | 13 | |
| Enter hero's abilities submenu | 6 | |
| Give item / drop item | 1 | |
| Remove unit from queue | 4 | |
| Right click | 825 | |
| Select / deselect | 543 | |
| Use ability | 104 | |
1611 total
» units
» upgrades
| Moon Armor | 2 | |
| Strength of the Moon | 3 | |
| Upgrade Moon Glaive | 1 | |
6 total
» buildings
| Altar of Elders | 1 | |
| Moon Well | 6 | |
| Hunter's Hall | 2 | |
| Ancient of War | 2 | |
| Tree of Life | 2 | |
| Tree of Ages | 3 | |
| Tree of Eternity | 3 | |
19 total
» build order
00:10 Altar of Elders
00:13 Moon Well
01:19 Moon Well
01:25 Moon Well
02:03 Hunter's Hall
02:27 Hunter's Hall
02:29 Ancient of War
03:13 Ancient of War
03:28 Tree of Life
07:58 Tree of Ages
07:59 Tree of Ages
07:59 Tree of Ages
09:40 Moon Well
09:41 Moon Well
09:42 Moon Well
10:45 Tree of Eternity
10:45 Tree of Eternity
13:01 Tree of Life
» items
| Boots of Speed | 3 | |
| Scroll of Town Portal | 4 | |
| Potion of Lesser Invulnerability | 5 | |
| Scroll of Regeneration | 2 | |
| Lesser Clarity Potion | 1 | |
| Potion of Healing | 3 | |
| Scroll of Healing | 1 | |
| Healing Salve | 2 | |
| Staff of Teleportation | 1 | |
22 total
veechi (
purple | 53 APM | 1125 actions | 21:16)
3 Archmage
2 Summon Water Elemental
1 Brilliance Aura
» actions
| Assign group hotkey | 4 | |
| Basic commands | 12 | |
| Build / train | 73 | |
| Enter build submenu | 32 | |
| Enter hero's abilities submenu | 3 | |
| Remove unit from queue | 2 | |
| Right click | 546 | |
| Select / deselect | 356 | |
| Select group hotkey | 14 | |
| Use ability | 80 | |
1125 total
» units
| Peasant | 23 | |
| Footman | 6 | |
| Mortar Team | 6 | |
| Flying Machine | 8 | |
| Sorceress | 3 | |
| Priest | 6 | |
52 total
» upgrades
| Lumber Harvesting | 1 | |
| Gunpowder | 3 | |
| Armor | 0 | |
4 total
» buildings
| Farm | 21 | |
| Altar of Kings | 1 | |
| Barracks | 2 | |
| Keep | 3 | |
| Town Hall | 1 | |
| Blacksmith | 1 | |
| Lumber Mill | 1 | |
| Scout Tower | 24 | |
| Workshop | 2 | |
| Arcane Vault | 1 | |
| Arcane Sanctum | 2 | |
| Castle | 1 | |
| Guard Tower | 4 | |
64 total
» build order
00:26 Farm
00:34 Altar of Kings
00:53 Barracks
01:00 Barracks
01:11 Farm
01:42 Farm
01:46 Farm
03:12 Keep
04:20 Town Hall
05:09 Keep
05:59 Farm
06:01 Farm
06:01 Farm
07:05 Keep
07:12 Blacksmith
07:16 Lumber Mill
08:15 Scout Tower
08:16 Scout Tower
08:18 Scout Tower
08:19 Scout Tower
08:35 Farm
08:36 Farm
08:38 Farm
08:38 Farm
09:33 Workshop
09:35 Workshop
09:39 Arcane Vault
09:56 Arcane Sanctum
09:58 Arcane Sanctum
10:02 Scout Tower
10:04 Scout Tower
10:06 Scout Tower
10:07 Scout Tower
10:10 Scout Tower
10:10 Scout Tower
10:12 Scout Tower
10:13 Scout Tower
10:15 Scout Tower
10:16 Scout Tower
10:17 Scout Tower
10:38 Farm
10:39 Farm
10:43 Farm
10:44 Farm
10:45 Farm
10:46 Farm
10:48 Farm
10:49 Farm
10:50 Farm
12:30 Farm
12:39 Scout Tower
13:09 Castle
16:38 Guard Tower
16:40 Guard Tower
17:03 Guard Tower
19:56 Scout Tower
20:00 Scout Tower
20:00 Scout Tower
20:01 Scout Tower
20:06 Scout Tower
20:07 Scout Tower
20:08 Scout Tower
20:08 Scout Tower
20:37 Guard Tower
GHOUL.FRENZY (
yellow | 24 APM | 1104 actions | 46:10)
8 Blademaster
3 Wind Walk
3 Critical Strike
1 Bladestorm
1 Mirror Image
» actions
| Basic commands | 5 | |
| Build / train | 62 | |
| Enter build submenu | 24 | |
| Enter hero's abilities submenu | 8 | |
| Give item / drop item | 12 | |
| Right click | 675 | |
| Select / deselect | 258 | |
| Use ability | 60 | |
1104 total
» units
» upgrades
| Spiked Barricades | 1 | |
| Ranged Weapons | 3 | |
| Liquid Fire | 1 | |
| Reinforced Defenses | 1 | |
| Armor | 2 | |
8 total
» buildings
| Orc Burrow | 8 | |
| Altar of Storms | 1 | |
| Voodoo Lounge | 1 | |
| War Mill | 1 | |
| Watch Tower | 8 | |
| Barracks | 1 | |
| Stronghold | 1 | |
| Fortress | 1 | |
| Beastiary | 3 | |
25 total
» build order
00:07 Orc Burrow
00:08 Altar of Storms
00:57 Voodoo Lounge
01:26 War Mill
02:59 Watch Tower
03:04 Watch Tower
03:09 Watch Tower
03:15 Watch Tower
04:18 Watch Tower
04:21 Watch Tower
04:25 Watch Tower
04:36 Watch Tower
05:09 Orc Burrow
05:43 Barracks
06:13 Orc Burrow
06:39 Stronghold
06:57 Orc Burrow
08:06 Orc Burrow
10:05 Fortress
10:09 Beastiary
11:43 Beastiary
12:43 Beastiary
19:42 Orc Burrow
19:44 Orc Burrow
21:36 Orc Burrow
» items
| Healing Salve | 4 | |
| Boots of Speed | 1 | |
| Circlet of Nobility | 2 | |
| Periapt of Vitality | 1 | |
| Scroll of Healing | 1 | |
| Potion of Healing | 5 | |
| Orb of Lightning | 1 | |
| Lesser Clarity Potion | 2 | |
17 total
team 2 (loser)
WHATTHEFU.CK (
red | 95 APM | 4365 actions | 46:10)
10 Blademaster
3 Wind Walk
3 Critical Strike
1 Bladestorm
3 Mirror Image
» actions
| Assign group hotkey | 127 | |
| Basic commands | 192 | |
| Build / train | 156 | |
| ESC pressed | 13 | |
| Enter build submenu | 41 | |
| Enter hero's abilities submenu | 12 | |
| Give item / drop item | 12 | |
| Right click | 1856 | |
| Select / deselect | 407 | |
| Select group hotkey | 1247 | |
| Use ability | 302 | |
4365 total
» units
| Peon | 14 | |
| Grunt | 4 | |
| Wind Rider | 6 | |
| Goblin Shredder | 4 | |
| Troll Batrider | 9 | |
| Goblin Zeppelin | 12 | |
| Troll Headhunter/Berserker | 3 | |
| Troll Witch Doctor | 2 | |
54 total
» upgrades
| Armor | 3 | |
| Berserker Strength | 1 | |
| Pillage | 1 | |
| Spiked Barricades | 4 | |
| Reinforced Defenses | 1 | |
| Ranged Weapons | 3 | |
| Envenomed Spears | 1 | |
| Troll Regeneration | 1 | |
| Liquid Fire | 1 | |
| Berserker Upgrade | 1 | |
| Witch Doctor Training | 2 | |
| Melee Weapons | 1 | |
| Burning Oil | 1 | |
| Ensnare | 1 | |
| War Drums Damage Increase | 1 | |
| Ultravision | 1 | |
24 total
» buildings
| Orc Burrow | 8 | |
| Altar of Storms | 1 | |
| Barracks | 3 | |
| Voodoo Lounge | 2 | |
| Stronghold | 5 | |
| War Mill | 1 | |
| Great Hall | 2 | |
| Watch Tower | 17 | |
| Fortress | 5 | |
| Beastiary | 3 | |
| Spirit Lodge | 1 | |
48 total
» build order
00:10 Orc Burrow
00:53 Altar of Storms
00:54 Barracks
01:28 Orc Burrow
02:05 Voodoo Lounge
03:03 Orc Burrow
03:47 Stronghold
03:47 Stronghold
03:47 Stronghold
03:47 Stronghold
04:25 War Mill
05:37 Great Hall
06:04 Watch Tower
06:06 Watch Tower
06:21 Watch Tower
06:31 Watch Tower
07:03 Fortress
07:03 Fortress
07:03 Fortress
07:07 Beastiary
08:09 Great Hall
08:15 Watch Tower
08:16 Watch Tower
08:21 Watch Tower
08:24 Watch Tower
08:52 Watch Tower
08:53 Watch Tower
09:33 Orc Burrow
10:39 Watch Tower
10:42 Watch Tower
11:45 Beastiary
11:52 Watch Tower
11:54 Watch Tower
13:34 Watch Tower
13:35 Watch Tower
13:37 Watch Tower
17:11 Beastiary
21:57 Orc Burrow
23:35 Orc Burrow
23:38 Orc Burrow
23:41 Orc Burrow
24:36 Barracks
24:38 Barracks
27:37 Voodoo Lounge
29:26 Spirit Lodge
» items
| Healing Salve | 7 | |
| Gloves of Haste | 1 | |
| Lesser Clarity Potion | 5 | |
| Scroll of Town Portal | 4 | |
| Orb of Lightning | 1 | |
| Pendant of Energy | 1 | |
| Claws of Attack +9 | 1 | |
| Potion of Mana | 1 | |
| Tiny Great Hall | 1 | |
22 total
greenisgood (
teal | 25 APM | 1161 actions | 46:10)
4 Blademaster
1 Critical Strike
3 Wind Walk
» actions
| Assign group hotkey | 7 | |
| Basic commands | 24 | |
| Build / train | 87 | |
| Enter build submenu | 34 | |
| Enter hero's abilities submenu | 4 | |
| Remove unit from queue | 1 | |
| Right click | 383 | |
| Select / deselect | 450 | |
| Select group hotkey | 117 | |
| Use ability | 49 | |
1161 total
» units
| Peon | 18 | |
| Grunt | 24 | |
| Shaman | 14 | |
| Wind Rider | 5 | |
61 total
» upgrades
| Armor | 3 | |
| Spiked Barricades | 1 | |
| Shaman Training | 2 | |
| Berserker Strength | 1 | |
| Reinforced Defenses | 1 | |
| Ranged Weapons | 3 | |
| Melee Weapons | 3 | |
| Envenomed Spears | 1 | |
| Pillage | 1 | |
16 total
» buildings
| Orc Burrow | 14 | |
| Altar of Storms | 2 | |
| Barracks | 2 | |
| War Mill | 1 | |
| Voodoo Lounge | 1 | |
| Stronghold | 1 | |
| Great Hall | 1 | |
| Watch Tower | 9 | |
| Spirit Lodge | 1 | |
| Fortress | 2 | |
| Beastiary | 3 | |
37 total
» build order
00:25 Orc Burrow
00:55 Altar of Storms
01:40 Barracks
01:47 Orc Burrow
01:52 Barracks
02:14 Orc Burrow
02:26 War Mill
02:42 Voodoo Lounge
05:13 Stronghold
05:59 Great Hall
06:09 Watch Tower
06:29 Orc Burrow
07:16 Watch Tower
07:41 Spirit Lodge
08:54 Fortress
09:02 Watch Tower
10:11 Watch Tower
10:38 Fortress
10:47 Beastiary
10:53 Beastiary
10:57 Beastiary
11:26 Watch Tower
11:35 Orc Burrow
11:47 Orc Burrow
13:22 Orc Burrow
13:26 Orc Burrow
13:29 Orc Burrow
13:51 Orc Burrow
14:35 Orc Burrow
14:38 Orc Burrow
14:40 Orc Burrow
14:53 Orc Burrow
21:50 Watch Tower
21:53 Watch Tower
23:07 Altar of Storms
23:43 Watch Tower
23:48 Watch Tower
PFrog91 (
orange | 47 APM | 630 actions | 13:18)
3 Demon Hunter
2 Immolation
1 Evasion
» actions
| Assign group hotkey | 10 | |
| Build / train | 60 | |
| Enter build submenu | 13 | |
| Enter hero's abilities submenu | 3 | |
| Remove unit from queue | 1 | |
| Right click | 305 | |
| Select / deselect | 115 | |
| Select group hotkey | 100 | |
| Use ability | 23 | |
630 total
» units
» upgrades
| Strength of the Wild | 2 | |
| Reinforced Hides | 1 | |
| Strength of the Moon | 1 | |
| Moon Armor | 1 | |
5 total
» buildings
| Moon Well | 5 | |
| Altar of Elders | 1 | |
| Ancient of War | 1 | |
| Hunter's Hall | 1 | |
| Tree of Ages | 1 | |
| Tree of Life | 2 | |
| Ancient Protector | 2 | |
| Tree of Eternity | 1 | |
14 total
» build order
00:09 Moon Well
00:11 Altar of Elders
00:37 Ancient of War
01:34 Moon Well
02:36 Moon Well
03:50 Moon Well
04:29 Hunter's Hall
04:54 Moon Well
05:35 Tree of Ages
06:31 Tree of Life
09:29 Ancient Protector
11:00 Ancient Protector
11:55 Tree of Eternity
12:07 Tree of Life

»
readyfor2017 (
pink | 10 APM | 81 actions | 07:50)
1 Blademaster
1 Mirror Image
» actions
| Build / train | 19 | |
| Enter build submenu | 9 | |
| Enter hero's abilities submenu | 1 | |
| Right click | 18 | |
| Select / deselect | 25 | |
| Use ability | 9 | |
81 total
» units
» upgrades
» buildings
| Altar of Storms | 1 | |
| Barracks | 1 | |
| Orc Burrow | 5 | |
| Voodoo Lounge | 1 | |
| War Mill | 1 | |
| Stronghold | 1 | |
10 total
» build order
00:12 Altar of Storms
00:20 Barracks
00:26 Orc Burrow
02:26 Orc Burrow
02:33 Orc Burrow
03:02 Orc Burrow
03:19 Voodoo Lounge
03:35 Orc Burrow
03:52 War Mill
06:08 Stronghold
Chat log
(00:04 / All) FUNNNNN: Lol
(00:11 / All) greenisgood: lulz
(00:14 / All) veechi: "
(00:14 / All) WHATTHEFU.CK: iseedeadpeople
(00:15 / All) veechi: ?
(00:18 / All) veechi: lol
(00:19 / All) veechi: me 2
(00:26 / All) URMOMISMYBlTCH: greedisgood 9999
(00:38 / All) veechi: lol
(00:39 / All) FUNNNNN: :D
(00:47 / All) veechi: im drunk guys soo
(00:56 / All) FUNNNNN: suck my balls
(00:58 / All) greenisgood: haha
(01:00 / All) WHATTHEFU.CK: why you gotta announce it
(01:01 / All) FUNNNNN: Lol
(01:06 / All) veechi: cuz im drunk
(01:11 / All) WHATTHEFU.CK: When I drink I don't have to tell anyone
(01:13 / All) veechi: drunk logic
(01:16 / All) URMOMISMYBlTCH: I remember when I first started playing this game
(01:16 / All) WHATTHEFU.CK: either it won't be noticeable
(01:17 / All) greenisgood: that's what drunk peple do
(01:20 / All) WHATTHEFU.CK: or you'll fucking know
(01:22 / All) veechi: ahaha
(01:27 / All) veechi: me 2 8 years ago
(01:28 / All) FUNNNNN: drink
(01:29 / All) FUNNNNN: omg
(01:47 / All) WHATTHEFU.CK: I remember wishing I could get cheat codes working on ladder
(01:49 / All) URMOMISMYBlTCH: at a lan center*
(01:54 / All) WHATTHEFU.CK: iseedeadpeople is the only one you can make work
(02:10 / All) veechi: word
(07:50 / All) greenisgood: his internet's not ready for 2017
(07:52 / All) veechi: lol
(07:53 / All) URMOMISMYBlTCH: got heem
(07:53 / All) veechi: G
(09:45 / Allies) greenisgood: wood plz?
(09:49 / Allies) WHATTHEFU.CK: Got no spare
(10:00 / Allies) greenisgood: thx
(10:32 / Allies) PFrog91: anyone got pink?
(10:38 / Allies) PFrog91: im not great with orc
(10:40 / Allies) WHATTHEFU.CK: not me
(10:49 / Allies) greenisgood: ...great
(11:05 / Allies) PFrog91: what are you guys getting?
(11:10 / All) FUNNNNN: Mh
(11:11 / All) FUNNNNN: red
(11:12 / All) FUNNNNN: Xd
(11:20 / All) WHATTHEFU.CK: LOL
(11:22 / All) WHATTHEFU.CK: what makes you say that
(12:12 / Allies) greenisgood: red? oj?
(12:17 / Allies) WHATTHEFU.CK: sec
(12:25 / Allies) greenisgood: sec and im dead
(12:30 / Allies) greenisgood: this one's over anyawy
(13:13 / Allies) greenisgood: wood plz i can trade gold
(18:54 / Allies) WHATTHEFU.CK: hit somewhere else
(20:41 / All) veechi: GG
(20:43 / All) veechi: he tk me
(22:46 / Allies) greenisgood: red/?
(24:02 / Allies) greenisgood: why man...
(24:10 / Allies) WHATTHEFU.CK: You attacked the wrong expo down bottom
(24:15 / Allies) WHATTHEFU.CK: and wouldn't go somewhere else when I told you to
(24:16 / Allies) greenisgood: ?
(24:36 / Allies) greenisgood: i didnt even notice
(24:49 / Allies) greenisgood: if it means that much t o you whatever man do it
(28:01 / Allies) greenisgood: pillage nomnomnom
(28:05 / Allies) WHATTHEFU.CK: Bad idea
(28:09 / Allies) WHATTHEFU.CK: I told you not to hit blue
(28:10 / Allies) greenisgood: ?
(28:29 / Allies) greenisgood: idont care dude it's just a game
(28:34 / Allies) greenisgood: you take this way too seriously
(28:36 / Allies) WHATTHEFU.CK: You lose the game
(29:08 / Allies) greenisgood: why do u like blue? i don't understand
(29:12 / Allies) greenisgood: is he your friend or something
(29:21 / Allies) WHATTHEFU.CK: It's none of your business, you should just do what I tell you to do
(29:32 / Allies) greenisgood: homie don't play that
(29:48 / Allies) greenisgood: newsflash you lose too
(29:54 / Allies) WHATTHEFU.CK: I'm 0-0 and not playing to win
(30:01 / Allies) greenisgood: obviously
(30:11 / Allies) greenisgood: why do u play then i'm confused
(30:31 / Allies) WHATTHEFU.CK: fun
(30:44 / Allies) greenisgood: winning isnt fun?
(30:53 / Allies) WHATTHEFU.CK: there's more fun things than winning or losing
(31:03 / Allies) greenisgood: like having sex
(31:09 / Allies) WHATTHEFU.CK: lol
(31:09 / Allies) greenisgood: u should try it sometime :P
(31:19 / Allies) WHATTHEFU.CK: yeah tell me about how you have a hot girlfriend
(31:23 / Allies) WHATTHEFU.CK: and she sucks your dick when you play
(31:25 / Allies) WHATTHEFU.CK: heard it all before
(31:31 / Allies) greenisgood: didn't say that
(31:51 / Allies) WHATTHEFU.CK: Only an insecure virgin or someonje who recently got laid the first time gives enough of a shit to brag about sex in war3
(31:51 / Allies) greenisgood: but i don't amuse myself by playing to lose a warcraft game
(32:13 / Allies) greenisgood: i go to a bar, socialize, and every now and then i do get laid :)
(32:21 / Allies) WHATTHEFU.CK: wow, big on you, no one else has done that before!
(32:29 / Allies) greenisgood: just sayin
(32:29 / Allies) WHATTHEFU.CK: very special!
(32:33 / Allies) greenisgood: you need a new hobby
(32:40 / Allies) WHATTHEFU.CK: I have a lot of hobbies
(32:41 / Allies) WHATTHEFU.CK: waht're yours
(32:45 / Allies) greenisgood: if this is your idea of fun
(32:50 / Allies) WHATTHEFU.CK: I find a lot of things fun
(32:51 / Allies) greenisgood: playing guitar
(33:06 / Allies) WHATTHEFU.CK: you probably just know 3 chords LOL
(33:32 / Allies) greenisgood: not the point, it's something to do
(33:41 / Allies) greenisgood: that's what i'm suggesting
(33:44 / Allies) WHATTHEFU.CK: I play violin, it's a better instrument and you actually need to learn theory for it
(33:51 / Allies) greenisgood: if this is your idea of fun, you may need a new hobby
(34:06 / Allies) WHATTHEFU.CK: I have a lot of hobbies, I enjoy playing war3 unconventionally so what
(34:10 / Allies) WHATTHEFU.CK: doesn't mean anything, retard
(34:21 / Allies) greenisgood: so do i... you're missing the point man
(34:36 / Allies) WHATTHEFU.CK: so I shouldn't enjoy playing a game I way I like because of what retards like you may think about it?
(34:45 / Allies) WHATTHEFU.CK: unlike you I don't need to project an image of myself from insecurity
(34:59 / Allies) WHATTHEFU.CK: so I have no need to do stuff like brag about having sex in war3 or tell other people to get more hobbies
(35:00 / Allies) greenisgood: i think you should go into a team game with the same objective as your team
(35:03 / Allies) greenisgood: it only makes sense
(35:13 / Allies) WHATTHEFU.CK: I don't care what my team wants, I'm in it for my own fun
(35:23 / Allies) greenisgood: then play solo. i don't get it man
(35:33 / Allies) WHATTHEFU.CK: why, I have more fun with team games
(35:49 / Allies) greenisgood: you seem to take offense to everything i say
(35:53 / Allies) greenisgood: chill out man
(35:53 / Allies) WHATTHEFU.CK: I'm not offended
(35:59 / Allies) WHATTHEFU.CK: I'm perfectly calm
(36:13 / Allies) greenisgood: doesn't sound that way
(36:18 / Allies) WHATTHEFU.CK: calling you an idiot doesn't mean I'm upset lol
(36:39 / Allies) greenisgood: obviously it got under your skin when i mentioned you need a hobby
(36:45 / Allies) WHATTHEFU.CK: no...
(37:01 / Allies) greenisgood: good one
(37:09 / Allies) greenisgood: :)\\
(37:23 / Allies) greenisgood: are you actually gonna win btw?
(37:29 / Allies) WHATTHEFU.CK: You act like I'm insecure when you talk about how you have sex and pick up chicks at bars in a game more than a decade old LOL
(37:32 / Allies) WHATTHEFU.CK: and tell me how to play it
(37:53 / Allies) greenisgood: im not telling you anythihng
(38:00 / Allies) greenisgood: i asked you why and said i don't ge tit
(38:11 / Allies) WHATTHEFU.CK: why what
(38:20 / Allies) greenisgood: why you backstabbed me
(38:30 / Allies) WHATTHEFU.CK: I felt like it, what's it to ya pal
(38:46 / Allies) WHATTHEFU.CK: Blue is my friend, we're in this together and have control of both teams
(38:48 / Allies) greenisgood: well i dunno just seems weird
(38:55 / Allies) greenisgood: for real?
(39:03 / Allies) greenisgood: see that's a real reason
(39:05 / Allies) WHATTHEFU.CK: We play 4v4 for fun on 0-0 accounts
(39:09 / Allies) greenisgood: that's all i wanted to know
(39:10 / Allies) WHATTHEFU.CK: and we just let each team fight each other
(39:21 / Allies) WHATTHEFU.CK: then tk and determine who gets the wins and losses
(39:51 / Allies) greenisgood: so... someone has to quit then
(40:00 / Allies) greenisgood: how do you determine who wins
(40:23 / Allies) WHATTHEFU.CK: there's 2 players right now legit on each team, one of you fags has to leave or else we do a mexican standoff
(40:32 / Allies) WHATTHEFU.CK: and kill everything including our own units and you can leave your pcs on all night
(40:43 / Allies) greenisgood: i wanna see that
(40:49 / Allies) greenisgood: standoff
(40:51 / Allies) WHATTHEFU.CK: will you stay for standoff?
(41:05 / Allies) greenisgood: i may go make some dinner and come back to check in
(41:14 / Allies) WHATTHEFU.CK: k
(41:50 / All) greenisgood: blue you two are together?
(42:12 / All) URMOMISMYBlTCH: what are you talking about, lunatic?
(42:13 / Allies) WHATTHEFU.CK: I revealed his side
(42:18 / Allies) WHATTHEFU.CK: you can see he killed all his own stuff too
(42:32 / All) greenisgood: red's telling me you two are friends
(42:40 / All) WHATTHEFU.CK: We're putting you and yellow in a standoff
(42:46 / All) URMOMISMYBlTCH: Red? That's not a name I recognize
(42:56 / All) URMOMISMYBlTCH: Never heard of the guy, that's for sure
(43:03 / All) greenisgood: so you're waiting to see who leaves first then?
(43:24 / All) WHATTHEFU.CK: brb one sec
(43:42 / Allies) greenisgood: lol
(43:45 / All) URMOMISMYBlTCH: Look, pal. I don't feel like being interrogated, see?
(44:00 / All) URMOMISMYBlTCH: IF I'm not under arrest, then you better let me be on my way, then, alright?
(44:02 / All) greenisgood: you don't have to answer me i'm just curious.
(44:05 / All) greenisgood: this is unusual
(44:36 / All) greenisgood: two bm's should duke it out for ultimate supremacy lol
(45:18 / Allies) greenisgood: here u can control my units :p
(45:24 / All) URMOMISMYBlTCH: Heh, maybe in your little world. You got a death wish? That's cool.
(45:32 / All) URMOMISMYBlTCH: But I don't need to throw my life away like that, okay?
(46:04 / All) URMOMISMYBlTCH: Alright, pal. Bye. See ya.
(46:09 / All) WHATTHEFU.CK: Bad luck, don't have fun